 Dungeon Crawl Stone Soup version 0.31-a0-1301-g7e11add784 (webtiles) character file.

Game seed: 10098189652505971423

2484 Colgate the Covert (level 9, 0/75 HPs)
             Began as a Kobold Brigand on Dec 19, 2023.
             Was the Champion of Uskayaw.
             Slain by a killer bee (3 damage)
             ... on level 7 of the Dungeon.
             The game lasted 00:28:52 (7292 turns).

Colgate the Covert (Kobold Brigand)                 Turns: 7292, Time: 00:28:52

Health: 0/75       AC: 31    Str:  8    XL:     9   Next: 81%
Magic:  3/11       EV:  3    Int: 12    God:    Uskayaw [******]
Gold:   301        SH:  0    Dex: 21    Spells: 8/8 levels left

rFire   . . .        b - +1 rapier (protect)
rCold   . . .        (no shield)
rNeg    . . .        p - melded +1 robe {rF+}
rPois   +            k - melded +0 helmet {SInv}
rElec   .            c - melded +0 cloak
rCorr   .            (gloves currently unavailable)
SInv    .            m - melded +0 pair of boots
Will    .....        (no amulet)
Stlth   ++++++       i - ring of poison resistance
HPRegen 0.32/turn    (no ring)
MPRegen 0.12/turn

%: no passive effects
@: lethally poisoned (0 -> -6), tree-form, under a protective aura
A: stationary, stasis, torment immunity, boosted hp, small, no large weapons,
nightstalker 3
a: Renounce Religion, Stomp, Line Pass, Grand Finale


You were on level 7 of the Dungeon.
You worshipped Uskayaw.
Uskayaw was noncommittal.
You were a tree.
You visited 2 branches of the dungeon, and saw 8 of its levels.
You also visited: Sewer.

You collected 301 gold pieces.

Inventory:

Hand Weapons
 a - a +4 dagger
 b - a +1 rapier of protection (weapon)
 f - a +0 dagger of draining
 F - the +6 quarterstaff of the Contumacious God {venom, rElec rC+ Str+2 Dex+3}
   (You found it on level 6 of the Dungeon)

   Str+2:     It affects your strength (+2).
   Dex+3:     It affects your dexterity (+3).
   rC+:       It protects you from cold.
   rElec:     It insulates you from electricity.
Missiles
 d - 8 poisoned darts (quivered)
 x - 2 curare-tipped darts
 y - 2 boomerangs
Armour
 c - a +0 cloak (melded)
 k - a +0 helmet of see invisible (melded)
 m - a +0 pair of boots (melded)
 p - a +1 robe of fire resistance (melded)
Jewellery
 i - a ring of poison resistance (left branch)
Wands
 e - a wand of mindburst (15)
 u - a wand of flame (4)
Scrolls
 g - 2 scrolls of amnesia
 j - a scroll of poison {unknown}
 l - a scroll of teleportation {@r3}
 r - a scroll of enchant weapon {unknown}
 v - a scroll of fog
 B - a scroll of blinking {unknown}
 C - a scroll of torment {unknown}
 D - a scroll of fear {unknown}
Potions
 h - 3 potions of enlightenment
 n - a potion of mutation {unknown}
 o - a potion of might {unknown}
 q - a potion of lignification
 w - a potion of degeneration {unknown}
 z - 2 potions of attraction
 E - a potion of brilliance {unknown}


   Skills:
 + Level 3.1 Fighting
 - Level 12.0 Short Blades
 - Level 2.1 Throwing
 - Level 2.3 Dodging
 - Level 12.1 Stealth
 - Level 3.0 Invocations


You had 8 spell levels left.
You didn't know any spells.
Your spell library contained the following spells:

 Spells                   Type           Power      Damage    Failure   Level
 Foxfire                  Conj/Fire      0%         2x1d4     32%         1
 Searing Ray              Conj           0%         2d4       45%         2
 Call Canine Familiar     Summ           0%         N/A       69%         3
 Sigil of Binding         Hex            0%         N/A       69%         3
 Dimensional Bullseye     Hex/Tloc       0%         N/A       97%         4
 Flame Wave               Conj/Fire      0%         2d4       97%         4
 Iskenderun's Battlesphe  Conj           0%         2d6       100%        5
 Plasma Beam              Fire/Air       0%         2x1d10    100%        6
 Starburst                Conj/Fire      0%         6d3       100%        6


Dungeon Overview and Level Annotations

Branches:
Dungeon (7/15)             Temple (1/1) D:5           Sewer (visited)

Altars:
Ashenzari
Cheibriados
Elyvilon
Fedhas
Gozag
Hepliaklqana
Kikubaaqudgha
Makhleb
Nemelex Xobeh
Okawaru
Qazlal
Sif Muna
Trog
Uskayaw
Vehumet
Xom
Yredelemnul
Zin
The Shining One

Annotations:
D:4 Dowan, Duvessa


Innate Abilities, Weirdness & Mutations

You are a tree.
Your roots penetrate the ground, keeping you stationary.
You cannot be teleported.
You are immune to unholy pain and torment.
Your maximum health is greatly increased.
Your equipment is partially melded.
You are small and have problems with some larger weapons.
You are completely attuned to the shadows.


Message History

The killer bee barely misses you.
You miss the killer bee.
The killer bee stings you but does no damage.
The killer bee closely misses you.
The killer bee stings you but does no damage.
The killer bee misses you.
You miss the killer bee. The killer bee stings you.
* * * LOW HITPOINT WARNING * * *
The killer bee stings you.
* * * LOW HITPOINT WARNING * * *
You are lethally poisoned!
The killer bee poisons you!
You feel better. The killer bee completely misses you.
The killer bee stings you but does no damage. x2
The killer bee misses you.
You hit the killer bee.
The killer bee stings you but does no damage.
The killer bee closely misses you.
You hit the killer bee. The killer bee completely misses you.
The killer bee barely misses you.
You barely miss the killer bee. The killer bee misses you. x2
You closely miss the killer bee. The killer bee misses you.
The killer bee stings you.
* * * LOW HITPOINT WARNING * * *
You are lethally poisoned!
The killer bee poisons you! The killer bee completely misses you.
The killer bee barely misses you.
You barely miss the killer bee.
* * * LOW HITPOINT WARNING * * *
You feel sick. The killer bee closely misses you. The killer bee misses you.
It was a potion of lignification.
You turn into a tree.
Your +0 cloak melds into your body.
Your +0 helmet of see invisible melds into your body.
Your +0 pair of boots melds into your body.
Your +1 robe of fire resistance melds into your body.
You feel less perceptive.
You feel less resistant to fire.
Your roots penetrate the ground.
* * * LOW HITPOINT WARNING * * *
You feel sick. The killer bee stings you.
You die...

#. ##.###
......
.....#####
......ly♣#
.......#y#
.....#.#.#
..y..#..)###
.....###)).#
.....# #)#)#
#†#y.#
#†##... #.#
##.


You could see an iguana and 2 killer bees.

Vanquished Creatures
  Pikel (D:5)
  Eustachio (D:4)
  2 black bears
  An ogre (D:6)
  3 phantoms
  A lemure (D:5)
  2 bullfrogs (Sewer)
  2 scorpions (D:4)
  7 killer bees (D:7)
  A howler monkey (D:7)
  4 hounds
  A jelly (D:5)
  3 orc priests (D:5)
  2 iguanas
  Jessica (D:3)
  Ijyb (D:5)
  5 orc wizards
  A sleepcap (D:4)
  Robin (D:2)
  7 gnolls
  8 adders
  A river rat (D:6)
  A white imp (D:5)
  2 ufetubi (D:5)
  2 dart slugs
  26 orcs
  4 bats
  11 endoplasms
  9 giant cockroaches
  16 goblins
  4 hobgoblins
  2 jackals (D:4)
  2 kobolds
  9 quokkas
  3 ball pythons
  10 frilled lizards
  7 rats
164 creatures vanquished.

Notes
Turn   | Place    | Note
-------+----------+-------------------------------------------
     0 | D:1      | Colgate the Kobold Brigand began the quest for the Orb.
     0 | D:1      | Reached XP level 1. HP: 12/12 MP: 1/1
   548 | D:1      | Reached XP level 2. HP: 17/17 MP: 2/2
  1354 | D:2      | Reached XP level 3. HP: 21/21 MP: 3/3
  1466 | D:2      | Noticed Robin
  1512 | D:2      | Killed Robin
  2466 | D:3      | Reached XP level 4. HP: 26/26 MP: 4/4
  2488 | D:3      | Noticed Jessica
  2494 | D:3      | Killed Jessica
  2495 | D:3      | Reached skill level 5 in Short Blades
  2929 | D:4      | Reached XP level 5. HP: 30/30 MP: 5/5
  2939 | D:4      | Noticed a phantom
  2943 | D:4      | Killed a phantom
  2960 | D:4      | Reached XP level 6. HP: 35/35 MP: 6/6
  2994 | D:4      | Noticed Dowan
  2996 | D:4      | Noticed Duvessa
  3197 | D:4      | Noticed Eustachio
  3201 | D:4      | Killed Eustachio
  3202 | D:4      | Reached XP level 7. HP: 40/40 MP: 7/7
  3898 | D:5      | Entered Level 5 of the Dungeon
  4036 | D:5      | Noticed Ijyb
  4094 | D:5      | Killed Ijyb
  4296 | D:5      | Reached XP level 8. HP: 44/44 MP: 8/8
  4301 | D:5      | Reached skill level 10 in Stealth
  4800 | D:5      | Noticed Pikel
  4951 | D:5      | Found a staircase to the Ecumenical Temple.
  4958 | Temple   | Entered the Ecumenical Temple
  5089 | D:5      | Killed Pikel
  5649 | D:6      | Found a basalt altar of Yredelemnul.
  5649 | D:6      | Found a snail-covered altar of Cheibriados.
  5649 | D:6      | Found a glowing silver altar of Zin.
  5667 | D:5      | Reached XP level 9. HP: 38/48 MP: 9/9
  6098 | D:6      | Found a glowing drain.
  6106 | Sewer    | Entered a sewer
  6831 | D:6      | Found a broken altar of Ashenzari.
  6831 | D:6      | Found an iron altar of Okawaru.
  6831 | D:6      | Found a blossoming altar of Fedhas.
  6833 | D:6      | Found a bloodstained altar of Trog.
  6833 | D:6      | Found a shimmering blue altar of Sif Muna.
  6833 | D:6      | Found a hide-covered altar of Uskayaw.
  6835 | D:6      | Found a sparkling altar of Nemelex Xobeh.
  6835 | D:6      | Found a stormy altar of Qazlal.
  6835 | D:6      | Found a shimmering altar of Xom.
  6843 | D:6      | Identified the +6 quarterstaff of the Contumacious God
                  | {venom, rElec rC+ Str+2 Dex+3}
  6856 | D:6      | Got the Papyrus of Conjuration
  6866 | D:6      | Became a worshipper of Uskayaw the Reveller
  7133 | D:7      | Reached * piety under Uskayaw
  7171 | D:7      | Reached ** piety under Uskayaw
  7203 | D:7      | Reached *** piety under Uskayaw
  7211 | D:7      | Reached **** piety under Uskayaw
  7223 | D:7      | Reached skill level 1 in Invocations
  7233 | D:7      | Reached ***** piety under Uskayaw
  7243 | D:7      | Reached ****** piety under Uskayaw
  7285 | D:7      | HP: 2/50 [killer bee (5)]
  7292 | D:7      | HP: 3/75 [poisoned by a killer bee]
  7292 | D:7      | Slain by a killer bee

Illustrated notes

Levels and vault maps discovered:
D:1:      dpeg_arrival_rooms_c, layout_loops_ring, hangedman_feature_mirror
D:2:      layout_basic, serial_bayou_lagoon_b, uniq_robin
D:3:      layout_basic, nrook_mini_backslash, hangedman_glass_teeth,
          uniq_jessica
D:4:      layout_loops_ring, minmay_tree_intersection, uniq_duvessa,
          uniq_eustachio
D:5:      layout_gridville, minmay_temple_entry_proselytizer,
          minmay_misc_feat_cross, nicolae_goblin_pals, uniq_pikel
D:6:      layout_loops_corners, nicolae_overflows_in_rows, portal_sewer_entry_a
D:7:      layout_basic, dreamdust_wishing_well, nicolae_tricolors
Temple:   nicolae_temple_little_seven

Skill      XL: |  1  2  3  4  5  6  7  8  9 |
---------------+----------------------------+-----
Short Blades   | 3 4 5 6 7 8 11 12 | 12.0
Stealth        | 6 7 8 9 10 12 | 12.1
Invocations    | 3 |  3.0
Fighting       | 3 |  3.1
Dodging        | 2 |  2.3
Throwing       | |  2.1

Action                     |  1- 3 |  4- 6 |  7- 9 || total
---------------------------+-------+-------+-------++-------
  Melee: Dagger            |    81 |    61 |    77 ||   219
         Rapier            |       |       |   270 ||   270
         Punch             |       |       |     4 ||     4
  Throw: Dart              |       |     1 |     7 ||     8
 Invoke: Line Pass         |       |       |     3 ||     3
    Use: Scroll            |     2 |       |     4 ||     6
         Potion            |       |       |     3 ||     3
   Stab: Sleeping          |    13 |    11 |    42 ||    66
         Distracted        |       |       |     3 ||     3
         Paralysed         |       |       |     3 ||     3
         Confused          |       |       |     2 ||     2
 Armour: Robe              |    29 |    17 |   158 ||   204
         Ring mail         |       |     1 |       ||     1
         Skin              |       |       |     1 ||     1
  Dodge: Dodged            |    40 |    24 |   224 ||   288

Table legend: (Time is in decaauts)
 A = Elapsed time spent in this place.
 B = Non-inter-level travel time spent in this place.
 C = Inter-level travel time spent in this place.
 D = Time resting spent in this place.
 E = Time spent auto-exploring this place.
 F = Levels seen in this place.
 G = Mean time per level.
                   A        B        C        D        E       F      G
               +--------+--------+--------+--------+--------+-----+--------+
         Total |   7210 |   6844 |    366 |      3 |   5430 |   9 |  801.1 |
       Dungeon |   6869 |   6503 |    366 |      3 |   5295 |   7 |  981.3 |
        Temple |      1 |      1 |      0 |      0 |      0 |   1 |    1.0 |
         Sewer |    338 |    338 |      0 |      0 |    135 |   1 |  338.0 |
               +--------+--------+--------+--------+--------+-----+--------+

Top non-repeatable levels by time:
     D:5: 1584 daAuts
     D:2: 1219 daAuts
     D:6: 1134 daAuts
     D:4: 1072 daAuts
     D:1: 910 daAuts
     D:3: 819 daAuts
   Sewer: 338 daAuts
     D:7: 128 daAuts
  Temple: 1 daAuts
